Cogmind - Beta 11.1 @@@ ROGUE MODE // 2022.05.24 @ 14:54:22 Player: btmk16 Result: Destroyed by P-80 Master with Gamma Rifle Performance ------------- Evolutions (7) 3500 Regions Visited (14) 2800 Robots Destroyed (125) 625 Value Destroyed (4459) 4459 Prototype IDs (31) 620 Alien Tech Used (0) 0 Bonus (1094) 1094 TOTAL SCORE: 13098 Bonus ------- High Alert Combat Kills 17 Follower Combat Kills 344 Entered DSFs 500 Aligned with FarCom 300 Friendly Fire -67 Cogmind --------- Core Integrity 0/1300 Matter 254/300 Energy 100/100 System Corruption 9% Temperature Cool (0) Movement Core (200) Ox3 Location -3/Research Parts ------- > --- POWER (2) -------- (None) > --- PROPULSION (6) --- (None) > --- UTILITY (9) ------ (None) > --- WEAPON (4) ------- Fusion Bomb Launcher > --- INVENTORY (5) ---- Hardened Heavy Armor Plating Quantum Rifle Precision Rocket Launcher Hellfire Missile Launcher Peak State ------------ > --- POWER ------------ Micro Fission Core Particle Reactor > --- PROPULSION ------- Biometal Medium Treads Flexi-carbon Leg Myomer Leg Myomer Leg > --- UTILITY ---------- Advanced Cryofiber Web Improved Signal Interpreter Advanced Signal Interpreter Improved Melee Analysis Suite Improved Transmission Jammer Drone Bay > --- WEAPON ----------- Wave Gun Wave Gun Wave Gun Molecular Scythe > --- INVENTORY -------- Antimatter Reactor Hardened Heavy Armor Plating Enhanced Gauss Cannon Precision Rocket Launcher [Rating: 99] Favorites ----------- Power Ion Engine Engine Ion Engine Power Core Fission Core Reactor Antimatter Reactor Propulsion Flexi-carbon Leg Treads Advanced Medium Treads Leg Flexi-carbon Leg Wheel Wheel Flight Unit Q-thruster Utility Improved Heat Sink Device Improved Heat Sink Storage Large Storage Unit Processor 0b10 Alert Chip Hackware Authchip [R/Combat] Protection Hardened Medium Armor Plating Weapon Wave Gun Energy Gun Wave Gun Energy Cannon Cooled Particle Cannon Ballistic Gun Light Assault Rifle Ballistic Cannon Enhanced Gauss Cannon Launcher Mini Grenade Launcher Special Weapon Welding Torch Impact Weapon Power Maul Slashing Weapon Molecular Scythe Piercing Weapon Heavy Pick Build | -11 -10 -10 -10 -9 -8 -7 -7 -6 -6 -5 -4 -4 -4 -3 ------- Run | Scr Mat Min Exi Min Mat Fac Sto Fac DSF Fac Fac Upp Upp Res Slots Evolved 14 | . . . . . 4 2 . 2 . 2 2 . . 2 Power 1 | . . . . . . . . . . . 1 . . . Propulsion 4 | . . . . . 2 . . 1 . 1 . . . . Utility 7 | . . . . . 1 2 . 1 . . 1 . . 2 Weapon 2 | . . . . . 1 . . . . 1 . . . . Parts Attached 188 | . 12 2 . 4 20 13 22 5 19 25 13 21 4 28 Power 14 | . 2 . . . 1 1 . 1 . 3 1 2 . 3 Engine 4 | . 2 . . . . 1 . 1 . . . . . . Core 6 | . . . . . 1 . . . . 3 1 1 . . Reactor 4 | . . . . . . . . . . . . 1 . 3 Propulsion 49 | . 6 . . . 9 5 5 1 5 4 2 4 . 8 Treads 4 | . . . . . . . . . . . . . . 4 Leg 42 | . 6 . . . 9 5 5 1 5 4 2 4 . 1 Wheel 2 | . . . . . . . . . . . . . . 2 Hover . | . . . . . . . . . . . . . . . Flight 1 | . . . . . . . . . . . . . . 1 Utility 55 | . 3 1 . . 4 4 1 2 13 3 6 8 3 7 Device 32 | . 2 1 . . 3 2 . 1 1 1 6 6 2 7 Storage 2 | . 1 . . . . . . . 1 . . . . . Processor 6 | . . . . . . 1 . 1 . 1 . 2 1 . Hackware 6 | . . . . . . . . . 6 . . . . . Protection 9 | . . . . . 1 1 1 . 5 1 . . . . Artifact . | . . . . . . . . . . . . . . . Weapon 70 | . 1 1 . 4 6 3 16 1 1 15 4 7 1 10 Energy Gun 29 | . . 1 . . 1 . 8 1 1 6 2 3 1 5 Energy Cannon 1 | . . . . . . . 1 . . . . . . . Ballistic Gun 18 | . 1 . . 3 3 3 3 . . 3 . 2 . . Ballistic Cannon 2 | . . . . . . . 1 . . . . . . 1 Launcher 11 | . . . . 1 2 . 3 . . 2 . 1 . 2 Special Weapon 1 | . . . . . . . . . . . . . . 1 Impact Weapon 1 | . . . . . . . . . . . 1 . . . Slashing Weapon 6 | . . . . . . . . . . 3 1 1 . 1 Piercing Weapon 1 | . . . . . . . . . . 1 . . . . Special Melee Weapon . | . . . . . . . . . . . . . . . Unidentified Prototypes 8 | . . . . . 1 . 5 . . . 1 . . 1 Corrupted Parts 3 | . . . . . . . 3 . . . . . . . System Corruption 17 | . . . . . . . 17 . . . . . . . Parts Lost 54 | . 1 . . . 2 . 1 . 3 6 3 14 . 24 Power 8 | . 1 . . . 1 . . . . . . 2 . 4 Propulsion 14 | . . . . . 1 . . . . 1 2 5 . 5 Utility 18 | . . . . . . . 1 . 3 3 1 4 . 6 Weapon 14 | . . . . . . . . . . 2 . 3 . 9 Highest Loss Streak 17 | . 1 . . . 2 . 1 . 2 3 3 10 . 17 To Critical Strikes 1 | . . . . . . . . . . 1 . . . . Average Slot Usage (%) 92 | . 97 100 100 100 99 100 99 98 98 97 95 69 74 55 Engine 6 | . 14 14 14 14 6 5 7 6 6 2 . . . . Core 2 | . . . . . 2 1 . . . 2 10 6 5 . Leg 26 | . 28 28 28 28 36 30 30 33 33 35 27 15 15 3 Device 14 | . 11 14 14 14 9 15 8 6 11 11 23 17 11 16 Storage 7 | . 14 14 14 14 9 7 7 6 6 5 5 1 . . Processor 3 | . . . . . . 7 7 11 4 1 5 6 14 9 Protection 4 | . . . . . 9 7 13 13 14 12 1 . . . Energy Gun 11 | . . 5 14 14 8 2 14 20 20 17 14 11 15 8 Ballistic Gun 9 | . 28 23 14 14 15 20 7 . . 1 . . . . Slashing Weapon 1 | . . . . . . . . . . 2 3 4 5 . Naked Turns 46 | . . . . . . . . . . . . 7 . 39 Heaviest Build 101 | 11 29 33 33 33 42 49 58 57 92 96 101 90 48 50 Greatest Support 140 | 20 20 20 20 20 45 60 72 90 100 120 110 90 70 140 Greatest Overweight (x) 9 | . 3 1 1 1 1 1 . . 1 . 1 2 . 9 Average Overweight (x) . | . . 1 1 1 . . . . . . . . . 1 Largest Inventory Capacity 20 | . 15 15 15 15 15 15 15 15 20 20 20 20 5 5 Average Capacity 14 | . 11 15 15 15 15 15 15 15 19 20 20 10 5 5 Most Carried 20 | . 15 15 15 15 15 15 15 15 20 20 20 20 5 5 Average Carried 13 | . 9 15 15 15 14 14 14 14 17 18 19 9 4 3 Final Capacity 20 | 8 15 15 15 15 15 15 15 15 20 20 20 5 5 5 Final Carried 20 | 6 15 15 15 15 15 15 15 15 20 19 20 5 4 5 Class Distribution -------------------- 34% | Scavenger-Mutant 24% | Mutant 11% | Scavenger-Skirmisher 9% | Skirmisher 7% | Tank 3% | Gunner 3% | Commander-Tank Dominant Class ---------------- Scavenger-Mutant | -10/Materials Scavenger-Mutant | -10/Mines Scavenger-Mutant | -10/Exiles Scavenger-Mutant | -9/Mines Scavenger-Skirmisher | -8/Materials Skirmisher | -7/Factory Commander-Tank | -7/Storage Commander-Skirmisher | -6/Factory Tank | -6/DSF Mutant | -5/Factory Mutant | -4/Factory Scavenger-Mutant | -4/Upper Caves Mutant | -4/Upper Caves Scavenger-Skirmisher | -3/Research Resources | -11 -10 -10 -10 -9 -8 -7 -7 -6 -6 -5 -4 -4 -4 -3 ----------- Run | Scr Mat Min Exi Min Mat Fac Sto Fac DSF Fac Fac Upp Upp Res Matter Collected 3189 | 200 372 71 . 65 396 193 530 . 245 306 261 267 15 268 Remotely . | . . . . . . . . . . . . . . . Salvage Created 5003 | . 574 132 . 164 795 305 696 . 427 744 328 463 42 333 Parts 266 | . 49 6 . 21 40 7 40 . 21 29 12 20 7 14 Haulers Intercepted 7 | . 2 . . . 1 . 4 . . . . . . . Recyclers Shooed 1 | . . 1 . . . . . . . . . . . . Parts Field Recycled . | . . . . . . . . . . . . . . . Retrieved Matter . | . . . . . . . . . . . . . . . Parts Self-Destructed 23 | . . . . . . . . . . . . 17 6 . Prevented . | . . . . . . . . . . . . . . . Kills | -11 -10 -10 -10 -9 -8 -7 -7 -6 -6 -5 -4 -4 -4 -3 ------- Run | Scr Mat Min Exi Min Mat Fac Sto Fac DSF Fac Fac Upp Upp Res Combat Hostiles Destroyed 97 | . 13 1 . 7 9 6 8 . 9 22 3 10 4 5 Melee 1 | . . . . . . . . . . . . 1 . . Guns 63 | . 13 1 . 4 6 6 8 . 9 7 3 5 . 1 Cannons 1 | . . . . . . . . . . . . . . 1 AOE 29 | . . . . 3 3 . . . . 13 . 4 4 2 Classes Destroyed 15 | . 4 2 . 2 2 1 . . 3 1 . . . . Worker 4 | . . 1 . . . . . . . 1 1 . . 1 Builder 3 | . . . . . . . . . . 2 . . . 1 Tunneler 2 | . . . . 2 . . . . . . . . . . Hauler 7 | . 2 . . . 1 . 4 . . . . . . . Recycler 7 | . . 1 . . 3 . 1 . . 1 1 . . . Watcher 4 | . 2 . . . 2 . . . . . . . . . Swarmer 32 | . 3 . . 4 . . . . 4 13 . 4 4 . Grunt 38 | . 10 1 . 3 6 3 3 . 2 2 . 4 . 4 Brawler 1 | . . . . . . . . . 1 . . . . . Duelist 2 | . . . . . . 1 . . . 1 . . . . Sentry 10 | . . . . . 2 2 4 . . . 1 . . 1 Specialist 1 | . . . . . . . . . 1 . . . . . Hunter 8 | . . . . . 1 . 1 . . 4 . 2 . . Programmer 5 | . . . . . . . . . 1 2 2 . . . Zionite 1 | . . . . 1 . . . . . . . . . . Best Kill Streak 10 | . 4 3 . 4 4 3 6 . 4 10 2 4 8 2 Combat Bots Only 9 | . 4 1 . 4 3 3 6 . 4 9 2 4 8 2 Max Kills in Single Turn 5 | . 1 1 . 4 2 1 1 . 2 5 1 3 4 2 Gunslinging 1 | . . . . . . . . . 1 . . . . . Exploded 4 | . . . . 3 2 . . . . 4 . 3 4 2 Melee 1 | . . . . . . . . . . . . 1 . . Uniques/NPCs Destroyed . | . . . . . . . . . . . . . . . Combat | -11 -10 -10 -10 -9 -8 -7 -7 -6 -6 -5 -4 -4 -4 -3 -------- Run | Scr Mat Min Exi Min Mat Fac Sto Fac DSF Fac Fac Upp Upp Res Damage Taken 10615 | . 449 104 . 93 594 546 485 . 842 1756 270 1841 2 3633 Core 2324 | . 138 29 . . 70 83 80 . 54 124 31 407 . 1308 Absorbed by Shields . | . . . . . . . . . . . . . . . Core Remaining (%) 76 | 100 . . . 33 87 . 76 . 93 87 . . 61 . Volleys Fired 316 | . 68 9 . 10 40 21 23 . 18 53 12 20 1 41 Largest 4 | . 2 2 . 2 3 3 3 . 3 4 3 4 1 4 Hottest 300 | . 40 40 . 105 104 112 136 . 121 267 247 275 43 300 Shots Fired 734 | . 136 18 . 20 85 63 70 . 54 125 31 53 2 77 Gun 705 | . 136 18 . 19 83 63 70 . 54 118 31 51 1 61 Cannon 11 | . . . . . . . . . . . . . . 11 Launcher 14 | . . . . 1 2 . . . . 7 . 2 1 1 Special 4 | . . . . . . . . . . . . . . 4 Kinetic 359 | . 136 18 . 9 66 55 33 . . 26 . 5 . 11 Thermal 361 | . . . . 10 17 8 37 . 54 92 31 46 1 65 Explosive 14 | . . . . 1 2 . . . . 7 . 2 1 1 Electromagnetic . | . . . . . . . . . . . . . . . Robot Hit Streak 16 | . 12 4 . 6 8 15 12 . 13 10 4 4 3 16 Robot Miss Streak 8 | . 5 1 . 2 3 8 4 . 2 4 2 7 . 4 Penetration Max 1 | . . . . . . . . . . 1 . . . . Secondary Targets 13 | . 1 . . . 2 2 . . 4 1 . 3 . . Max Gunslinging Chain 1 | . 1 . . . 1 1 . . 1 1 . 1 . . Shots Hit Robots 456 | . 80 11 . 9 53 46 54 . 43 65 14 29 1 51 Core Hits 257 | . 35 7 . 9 29 26 40 . 17 45 8 18 4 19 Critical Kills 1 | . . . . . 1 . . . . . . . . . Critical Parts Destroyed . | . . . . . . . . . . . . . . . Critical Strikes 19 | . . . . . 3 . . . . 7 4 2 . 3 Burn 16 | . . . . . 2 . . . . 7 4 2 . 1 Destroy 1 | . . . . . 1 . . . . . . . . . Blast 2 | . . . . . . . . . . . . . . 2 Melee Attacks 25 | . . . . . . . . . . 4 14 2 . 5 Impact . | . . . . . . . . . . . . . . . Slashing 18 | . . . . . . . . . . 4 7 2 . 5 Piercing 7 | . . . . . . . . . . . 7 . . . Sneak Attacks 3 | . . . . . . . . . . . 3 . . . Combat Hostiles . | . . . . . . . . . . . . . . . Follow-up Attacks . | . . . . . . . . . . . . . . . Damage Inflicted 11725 | . 835 116 . 446 946 836 1023 . 904 2905 635 1255 302 1522 Guns 7993 | . 835 116 . 181 733 836 1014 . 904 1459 332 690 . 893 Cannons 264 | . . . . . . . . . . . . . . 264 Explosions 2955 | . . . . 265 213 . . . . 1411 . 521 302 243 Melee 448 | . . . . . . . . . . . 303 44 . 101 Ramming 60 | . . . . . . . 9 . . 35 . . . 16 Kinetic 3324 | . 835 116 . 34 577 703 498 . . 256 . 41 . 264 Thermal 5004 | . . . . 147 222 133 516 . 904 1203 332 649 . 898 Explosive 2889 | . . . . 265 147 . . . . 1411 . 521 302 243 Electromagnetic . | . . . . . . . . . . . . . . . Impact . | . . . . . . . . . . . . . . . Slashing 448 | . . . . . . . . . . . 303 44 . 101 Piercing . | . . . . . . . . . . . . . . . Highest Corruption 21 | . . . . . . . 21 . 2 . 4 4 4 9 Average Corruption 4 | . . . . . . . 8 . 2 . 3 4 4 7 Corruption Purged . | . . . . . . . . . . . . . . . Corruption Blocked . | . . . . . . . . . . . . . . . Effects 51 | . . . . . . . 13 . . . 17 16 3 2 Message Errors 7 | . . . . . . . 2 . . . 3 1 1 . Matter Fused 15 | . . . . . . . 2 . . . 5 7 . 1 Heat Flow Errors 3 | . . . . . . . 1 . . . 1 1 . . Energy Discharges 10 | . . . . . . . 3 . . . 4 2 1 . Parts Rejected 1 | . . . . . . . . . . . . 1 . . Data Loss (minor) 7 | . . . . . . . 2 . . . 2 2 . 1 Data Loss (major) 2 | . . . . . . . . . . . 1 1 . . Misfires 3 | . . . . . . . 1 . . . . 1 1 . Alerts 2 | . . . . . . . 2 . . . . . . . Weapon Failures 1 | . . . . . . . . . . . 1 . . . Overload Shots . | . . . . . . . . . . . . . . . Overflow Damage 296 | . . . . 18 . . . . . 18 120 91 15 34 Projectiles . | . . . . . . . . . . . . . . . Explosions 167 | . . . . 18 . . . . . 18 . 91 15 25 Melee 129 | . . . . . . . . . . . 120 . . 9 Knockbacks 5 | . . . . . . . . . . . . . . 5 Impact . | . . . . . . . . . . . . . . . Kinetic 4 | . . . . . . . . . . . . . . 4 Secondary 1 | . . . . . . . . . . . . . . 1 Self-Inflicted Damage 169 | . . . . 17 . . . . . . . 81 2 69 Shots 5 | . . . . 1 . . . . . . . 2 1 1 Rammed 10 | . . . . . . . . . . . . . . 10 Targets Rammed 16 | . . . . . . . 2 . . 4 . . . 10 Kicked 6 | . . . . . . . 2 . . 4 . . . . Crushed . | . . . . . . . . . . . . . . . Highest Temperature 601 | . 18 . . 32 352 30 186 . . 410 509 601 . 503 Average Temperature 156 | . 8 . . 16 82 14 49 . . 199 219 295 . 208 Received Heat Transfer 2057 | . 225 78 . 12 216 246 126 . 216 18 9 274 . 637 Effects 19 | . . . . . . . . . . 6 7 3 . 3 Shutdowns 4 | . . . . . . . . . . 2 2 . . . Energy Bleed 6 | . . . . . . . . . . 2 2 1 . 1 Interference 6 | . . . . . . . . . . 1 2 1 . 2 Matter Decay 2 | . . . . . . . . . . . 1 1 . . Damage (minor) 1 | . . . . . . . . . . 1 . . . . Siege Activations . | . . . . . . . . . . . . . . . Robots Corrupted . | . . . . . . . . . . . . . . . Combat Hostiles . | . . . . . . . . . . . . . . . Parts Fried 1 | . . . . 1 . . . . . . . . . . Impact Corruptions . | . . . . . . . . . . . . . . . Robots Melted 3 | . . . . . . . . . . 2 . . . 1 Combat Hostiles 3 | . . . . . . . . . . 2 . . . 1 Parts Melted 31 | . . . . . 2 . 1 . 1 13 6 7 . 1 Heat Transferred 10543 | . . . . 259 531 296 1042 . 1628 2763 807 1227 . 1990 Parts Sabotaged . | . . . . . . . . . . . . . . . Parts Stolen . | . . . . . . . . . . . . . . . Parts Stripped . | . . . . . . . . . . . . . . . Power Chain Reactions . | . . . . . . . . . . . . . . . Missiles Intercepted . | . . . . . . . . . . . . . . . Alert | -11 -10 -10 -10 -9 -8 -7 -7 -6 -6 -5 -4 -4 -4 -3 ------- Run | Scr Mat Min Exi Min Mat Fac Sto Fac DSF Fac Fac Upp Upp Res Peak Influence 426 | . 262 61 . 145 256 182 328 144 222 426 315 . . 158 Initial 208 | . . 23 . . . 84 . 144 100 116 208 . . 114 Average 111 | . 120 31 . 47 165 83 205 144 87 152 126 . . 80 Maximum Alert Level 2 | . 1 . . . 1 . 1 . 1 2 1 . . . Low Security (%) 81 | . 85 100 . 100 65 100 27 100 97 66 70 . . 100 Level 1 16 | . 14 . . . 34 . 72 . 2 18 29 . . . Level 2 2 | . . . . . . . . . . 14 . . . . Level 3 . | . . . . . . . . . . . . . . . Level 4 . | . . . . . . . . . . . . . . . Level 5 . | . . . . . . . . . . . . . . . High Security . | . . . . . . . . . . . . . . . Max Security . | . . . . . . . . . . . . . . . Sterilizations 1 | . . . . . . . . . 1 . . . . . Squads Dispatched 18 | . 2 . . . 1 5 2 . 1 2 2 . . 3 Investigation 1 | . 1 . . . . . . . . . . . . . Extermination 5 | . . . . . . 1 . . . 1 1 . . 2 Reinforcement 9 | . 1 . . . 1 1 2 . 1 1 1 . . 1 Assault . | . . . . . . . . . . . . . . . Garrison 3 | . . . . . . 3 . . . . . . . . Intercept . | . . . . . . . . . . . . . . . Searches Triggered . | . . . . . . . . . . . . . . . Construction Impeded 1 | . . . . . . . . . . 1 . . . . Haulers Reinforced . | . . . . . . . . . . . . . . . Active Scanning Responses . | . . . . . . . . . . . . . . . Cargo Convoy Interrupts . | . . . . . . . . . . . . . . . Stealth | -11 -10 -10 -10 -9 -8 -7 -7 -6 -6 -5 -4 -4 -4 -3 --------- Run | Scr Mat Min Exi Min Mat Fac Sto Fac DSF Fac Fac Upp Upp Res Distress Signals 6 | . 2 . . 1 . . 2 . . . . . . 1 Communications Jammed . | . . . . . . . . . . . . . . . Distress Signals . | . . . . . . . . . . . . . . . Times Spotted 136 | . 18 2 . 7 15 8 18 . 10 22 8 11 . 17 Peak Tracking Total 8 | . 4 2 . 4 3 3 6 . 4 8 3 5 . 6 Tactical Retreats 8 | . 1 . . 1 . . 2 . 1 . . . . 3 Traps | -11 -10 -10 -10 -9 -8 -7 -7 -6 -6 -5 -4 -4 -4 -3 ------- Run | Scr Mat Min Exi Min Mat Fac Sto Fac DSF Fac Fac Upp Upp Res Traps Triggered 5 | . 2 . . . . 1 2 . . . . . . . Indirectly . | . . . . . . . . . . . . . . . Trap Hack Attempts . | . . . . . . . . . . . . . . . Triggered . | . . . . . . . . . . . . . . . Disarmed . | . . . . . . . . . . . . . . . Reprogrammed . | . . . . . . . . . . . . . . . Reused . | . . . . . . . . . . . . . . . Traps Extracted . | . . . . . . . . . . . . . . . Installed . | . . . . . . . . . . . . . . . Triggered . | . . . . . . . . . . . . . . . Exploded 2 | . . . 2 . . . . . . . . . . . Machines | -11 -10 -10 -10 -9 -8 -7 -7 -6 -6 -5 -4 -4 -4 -3 ---------- Run | Scr Mat Min Exi Min Mat Fac Sto Fac DSF Fac Fac Upp Upp Res Machines Disabled 8 | . . . . 1 2 . 1 . 1 2 . . . 1 Max in Single Turn 2 | . . . . 1 2 . . . 1 1 . . . 1 Garrison Access 2 | . . . . . . . . . . . 2 . . . Machines Sabotaged . | . . . . . . . . . . . . . . . Garrisons Compromised . | . . . . . . . . . . . . . . . Overloaded Fab Kills . | . . . . . . . . . . . . . . . Hacking | -11 -10 -10 -10 -9 -8 -7 -7 -6 -6 -5 -4 -4 -4 -3 --------- Run | Scr Mat Min Exi Min Mat Fac Sto Fac DSF Fac Fac Upp Upp Res Machines Accessed 19 | . 1 . 1 1 1 3 4 1 . 2 5 . . . Terminals 14 | . 1 . . 1 1 2 4 1 . 1 3 . . . Fabricators . | . . . . . . . . . . . . . . . Repair Stations . | . . . . . . . . . . . . . . . Recycling Units . | . . . . . . . . . . . . . . . Scanalyzers . | . . . . . . . . . . . . . . . Garrison Access 4 | . . . . . . 1 . . . 1 2 . . . Total Hacks 35 | . 3 . 1 2 1 6 6 2 . 6 8 . . . Successful 19 | . 2 . 1 2 . 2 5 1 . 3 3 . . . Failed 16 | . 1 . . . 1 4 1 1 . 3 5 . . . Catastrophic 4 | . . . . . 1 1 . . . 1 1 . . . Database Lockouts . | . . . . . . . . . . . . . . . Manual 3 | . . . 1 . . . . . . 1 1 . . . Terminals 29 | . 3 . . 2 1 5 6 2 . 4 6 . . . Fabricators . | . . . . . . . . . . . . . . . Repair Stations . | . . . . . . . . . . . . . . . Recycling Units . | . . . . . . . . . . . . . . . Scanalyzers . | . . . . . . . . . . . . . . . Garrison Access 5 | . . . . . . 1 . . . 2 2 . . . Terminal Hacks 15 | . 2 . 1 2 . 2 5 1 . 2 . . . . Part Schematic 1 | . . . . . . . 1 . . . . . . . Robot Analysis 2 | . 1 . . . . 1 . . . . . . . . Open Door 2 | . . . . . . . 2 . . . . . . . Open DSF 1 | . . . . . . . . 1 . . . . . . Branch Access Points 1 | . . . . . . . 1 . . . . . . . Fabricator Index 1 | . . . . . . 1 . . . . . . . . Alert Level 2 | . . . . 1 . . . . . 1 . . . . Unreport Threat 1 | . . . . . . . . . . 1 . . . . Locate Traps 1 | . 1 . . . . . . . . . . . . . Hauler Manifests 1 | . . . . . . . 1 . . . . . . . Zone Layout 1 | . . . . 1 . . . . . . . . . . EX-Prototype ID Bank 1 | . . . 1 . . . . . . . . . . . Fabricator Hacks . | . . . . . . . . . . . . . . . Repair Station Hacks . | . . . . . . . . . . . . . . . Recycling Unit Hacks . | . . . . . . . . . . . . . . . Scanalyzer . | . . . . . . . . . . . . . . . Garrison Access Hacks 2 | . . . . . . . . . . . 2 . . . Seal Access 2 | . . . . . . . . . . . 2 . . . Unauthorized Hacks 2 | . . . . . . . . . . 1 1 . . . Terminals 2 | . . . . . . . . . . 1 1 . . . Botnet 2 | . . . . . . . . . . 1 1 . . . Fabricators . | . . . . . . . . . . . . . . . Repair Stations . | . . . . . . . . . . . . . . . Recycling Units . | . . . . . . . . . . . . . . . Scanalyzers . | . . . . . . . . . . . . . . . Garrison Access . | . . . . . . . . . . . . . . . Data Cores Recovered . | . . . . . . . . . . . . . . . Used . | . . . . . . . . . . . . . . . Hacking Detections 12 | . . . . . 1 3 2 1 . 2 3 . . . Full Trace Events . | . . . . . . . . . . . . . . . Feedback Events . | . . . . . . . . . . . . . . . Feedback Blocked . | . . . . . . . . . . . . . . . Robot Schematics Acquired . | . . . . . . . . . . . . . . . Robots Built . | . . . . . . . . . . . . . . . Authchips . | . . . . . . . . . . . . . . . Time . | . . . . . . . . . . . . . . . Total Robot Build Rating . | . . . . . . . . . . . . . . . Part Schematics Acquired 1 | . . . . . . . 1 . . . . . . . Parts Built . | . . . . . . . . . . . . . . . Authchips . | . . . . . . . . . . . . . . . Time . | . . . . . . . . . . . . . . . Total Part Build Rating . | . . . . . . . . . . . . . . . Parts Repaired . | . . . . . . . . . . . . . . . Time . | . . . . . . . . . . . . . . . Parts Recycled . | . . . . . . . . . . . . . . . Recycled Matter . | . . . . . . . . . . . . . . . Retrieved Matter . | . . . . . . . . . . . . . . . Retrieved Components . | . . . . . . . . . . . . . . . Parts Scanalyzed . | . . . . . . . . . . . . . . . Part Schematics Acquired . | . . . . . . . . . . . . . . . Parts Damaged . | . . . . . . . . . . . . . . . Bothacking | -11 -10 -10 -10 -9 -8 -7 -7 -6 -6 -5 -4 -4 -4 -3 ------------ Run | Scr Mat Min Exi Min Mat Fac Sto Fac DSF Fac Fac Upp Upp Res Used RIF Installer . | . . . . . . . . . . . . . . . Robots Hacked . | . . . . . . . . . . . . . . . Non-combat . | . . . . . . . . . . . . . . . Combat . | . . . . . . . . . . . . . . . Robot Hacks Applied . | . . . . . . . . . . . . . . . Relay Couplers Released . | . . . . . . . . . . . . . . . Fabnet Peak Effective % . | . . . . . . . . . . . . . . . Robots Rewired 1 | . . . . . . . 1 . . . . . . . Allies Hacked . | . . . . . . . . . . . . . . . Hacks Repelled . | . . . . . . . . . . . . . . . Allies | -11 -10 -10 -10 -9 -8 -7 -7 -6 -6 -5 -4 -4 -4 -3 -------- Run | Scr Mat Min Exi Min Mat Fac Sto Fac DSF Fac Fac Upp Upp Res Total Allies 13 | . . 2 . . . . 11 . . . . . . . Largest Group 11 | . . 2 . . . . 11 6 6 . . . . . Highest-Rated Group 273 | . . 42 . . . . 273 96 96 . . . . . Highest-Rated Ally 100 | . . 31 . . . . 100 16 16 . . . . . Total Orders 3 | . . . . . . . . . . . 1 1 1 . EXPLORE 3 | . . . . . . . . . . . 1 1 1 . Ally Attacks 100 | . . 11 . . . . 61 . 28 . . . . . Total Damage 1517 | . . 148 . . . . 1021 . 348 . . . . . Kills 13 | . . 1 . . . . 10 . 2 . . . . . Allies Corrupted . | . . . . . . . . . . . . . . . Allies Melted . | . . . . . . . . . . . . . . . Intel | -11 -10 -10 -10 -9 -8 -7 -7 -6 -6 -5 -4 -4 -4 -3 ------- Run | Scr Mat Min Exi Min Mat Fac Sto Fac DSF Fac Fac Upp Upp Res Robot Analysis Total 2 | . 1 . . . . 1 . . . . . . . . Derelict Logs Recovered 3 | . . 1 . 2 . . . . . . . . . . Drone Launches 3 | . . . . . . . . . . . 1 1 1 . Drone Recoveries 2 | . . . . . . . . . . . . 1 1 . Exploration | -11 -10 -10 -10 -9 -8 -7 -7 -6 -6 -5 -4 -4 -4 -3 ------------- Run | Scr Mat Min Exi Min Mat Fac Sto Fac DSF Fac Fac Upp Upp Res Turns Passed 9687 | . 989 428 463 1232 687 840 605 184 297 1174 1090 766 151 781 Spaces Moved 5428 | 1 475 198 238 538 434 481 345 144 159 472 903 488 89 463 Core 94 | . 1 . . . . . . . . . . 8 . 85 Treads 54 | . . . . . . . . . . . . . . 54 Legs 5022 | 1 474 198 238 538 434 481 345 144 159 472 903 480 89 66 Wheels 258 | . . . . . . . . . . . . . . 258 Hover . | . . . . . . . . . . . . . . . Flight . | . . . . . . . . . . . . . . . Fastest Speed 50 | 120 120 190 190 190 120 120 120 120 120 110 108 50 120 50 Average Speed 134 | 120 153 190 190 190 121 123 120 120 128 118 108 128 120 117 Slowest Speed 500 | 120 200 190 190 190 190 190 120 120 190 120 187 260 120 500 Overloaded Moves . | . . . . . . . . . . . . . . . Propulsion Burnouts . | . . . . . . . . . . . . . . . Robots Hopped . | . . . . . . . . . . . . . . . Cave-ins Triggered . | . . . . . . . . . . . . . . . Exploration Rate (%) 37 | 2 62 44 60 79 36 12 58 4 94 10 20 58 12 9 Regions Visited 14 Branch Regions 6 Pre-discovered Areas . | . . . . . . . . . . . . . . . Known Exits Taken 3 | . . . . . . . . 1 . . . 1 1 . Unknown Exits Taken 10 | 1 1 1 1 1 1 1 1 . . 1 1 . . . Scrap Searched 5 | . . . . 1 . . . . . . . 3 1 . Spaces Dug 29 | . . . . . . . . . . 4 16 . . 9 Terrain Destroyed 201 | . . . . 11 32 . . . . 59 22 45 21 11 Melee 15 | . . . . . . . . . . 4 11 . . . Projectile 22 | . . . . 1 . . . . . 2 11 6 . 2 AOE 163 | . . . . 10 32 . . . . 52 . 39 21 9 Terrain Rammed . | . . . . . . . . . . . . . . . Walls Destroyed . | . . . . . . . . . . . . . . . Machines Disabled . | . . . . . . . . . . . . . . . Actions | -11 -10 -10 -10 -9 -8 -7 -7 -6 -6 -5 -4 -4 -4 -3 --------- Run | Scr Mat Min Exi Min Mat Fac Sto Fac DSF Fac Fac Upp Upp Res Total 7188 | . 617 235 250 729 533 687 494 156 218 984 965 583 130 607 Wait 1065 | . 36 25 11 176 22 161 64 2 . 417 12 48 37 54 Move 5414 | . 474 197 237 537 433 480 344 143 158 471 902 487 88 463 Hop . | . . . . . . . . . . . . . . . Pick Up 58 | . 14 . 1 . 6 2 9 3 9 4 5 3 . 2 Fast Attach 73 | . 2 1 . . 4 3 12 . 5 2 5 15 2 22 Attach 35 | . 1 . . . 6 2 1 2 3 7 5 3 1 4 Detach 11 | . . . . . 2 . . . 5 1 1 . . 2 Swap 80 | . 9 1 . 4 10 8 9 3 11 16 3 3 1 2 Drop 92 | . 13 2 1 2 10 10 27 3 9 5 6 2 . 2 Fire 316 | . 68 9 . 10 40 21 23 . 18 53 12 20 1 41 Melee 25 | . . . . . . . . . . 4 14 2 . 5 Ram . | . . . . . . . . . . . . . . . Kick 6 | . . . . . . . 2 . . 4 . . . . Crush 10 | . . . . . . . . . . . . . . 10 Escape Stasis . | . . . . . . . . . . . . . . . Rewire 3 | . . . . . . . 3 . . . . . . . Trap . | . . . . . . . . . . . . . . . Miscellaneous . | . . . . . . . . . . . . . . . Route ------- -11/Scrapyard -10/Materials (discovered 3 exits: [*Mat x2] / [*Min]) -10/Mines (discovered 2 exits: [*Mat] / *Exi) -10/Exiles -9/Mines -8/Materials -7/Factory -7/Storage (discovered 2 exits: *Fac / Rec) -6/Factory -6/DSF -5/Factory -4/Factory (discovered 2 exits: *Res / [*Upp]) -4/Upper Caves -4/Upper Caves -3/Research History --------- Turn | Location | Event 1 | -11/Scrapyard | Discovered new exit (range 0) 1 | -11/Scrapyard | Entered Materials 251 | -10/Materials | Discovered new exit (range 9) 332 | -10/Materials | Build established: Mutant 455 | -10/Materials | Core integrity fell below 50% 644 | -10/Materials | Discovered new exit (range 15) 771 | -10/Materials | Build established: Scavenger-Mutant 846 | -10/Materials | Discovered new exit (range 16) 990 | -10/Materials | Entered Mines 1053 | -10/Mines | Learned Materials trap positions 1318 | -10/Mines | Discovered new exit (range 6) 1411 | -10/Mines | Deemed a non-threat by the Exiles lab entrance 1411 | -10/Mines | Discovered new exit (range 5) 1418 | -10/Mines | Entered Exiles 1472 | -10/Exiles | Met 8R-AWN 1498 | -10/Exiles | Met EX-HEX 1551 | -10/Exiles | Met EX-BIN 1603 | -10/Exiles | Aligned with FarCom system 1605 | -10/Exiles | Given EX-Vault access code 1660 | -10/Exiles | Opened EX-Vault 1681 | -10/Exiles | Found 0b10 Alert Chip 1724 | -10/Exiles | Warned to stay clear of 0b10 Research branches 1738 | -10/Exiles | Exiles lab attacked by MAIN.C 1860 | -10/Exiles | Discovered new exit (range 14) 1881 | -10/Exiles | Left Exiles lab with 0b10 Alert Chip 1881 | -10/Exiles | Entered Mines 1998 | -9/Mines | Learned Materials emergency access door positions 2867 | -9/Mines | Excavation squad dispatched 2867 | -9/Mines | A large section of the Mines collapsed 3078 | -9/Mines | Learned Materials stockpile data 3094 | -9/Mines | Discovered new exit (range 13) 3113 | -9/Mines | Entered Materials 3113 | -8/Materials | Evolved 4 slots: Propulsion x2, Utility x1, Weapon x1 3114 | -8/Materials | Loaded intel: 15 trap records 3592 | -8/Materials | Build established: Scavenger-Skirmisher 3765 | -8/Materials | Discovered new exit (range 12) 3800 | -8/Materials | Entered Factory 3800 | -7/Factory | Evolved 2 slots: Utility x2 3889 | -7/Factory | Garrison activated, responded to threat 4277 | -7/Factory | Build established: Skirmisher 4380 | -7/Factory | Discovered new exit (range 7) 4640 | -7/Factory | Entered Storage 4874 | -7/Storage | Identified exit to Recycling 4881 | -7/Storage | Met 01-MTF 4986 | -7/Storage | Assisted by bots powering up and referring to "LRC-V3" 5119 | -7/Storage | System corruption reached 10% 5224 | -7/Storage | Discovered new exit (range 5) 5245 | -7/Storage | Entered Factory 5245 | -6/Factory | Accompanied by 7 allies (01-MTF) 5245 | -6/Factory | Evolved 2 slots: Propulsion x1, Utility x1 5250 | -6/Factory | 01-MTF left 5426 | -6/Factory | Identified exit to DSF 5429 | -6/Factory | Entered DSF 5429 | -6/DSF | Accompanied by 6 allies 5461 | -6/DSF | Additional patrols routed to DSF 5588 | -6/DSF | Discovered new exit (range 15) 5716 | -6/DSF | Sterilization system engaged 5726 | -6/DSF | Entered Factory 5726 | -5/Factory | Evolved 2 slots: Propulsion x1, Weapon x1 5749 | -5/Factory | Build established: Tank 6297 | -5/Factory | Build established: Mutant 6493 | -5/Factory | Destroyed 9 combat bots 6649 | -5/Factory | Lost 3 parts (1n2w) 6841 | -5/Factory | Discovered new exit (range 8) 6900 | -5/Factory | Entered another Factory area 6900 | -4/Factory | Evolved 2 slots: Power x1, Utility x1 7273 | -4/Factory | Found Prototype Slashing Weapon 7273 | -4/Factory | Identified Molecular Scythe 7286 | -4/Factory | Discovered new exit (range 11) 7291 | -4/Factory | Lost 3 parts (2n1u) 7341 | -4/Factory | Spotted B-86 Titan 7980 | -4/Factory | Discovered new exit (range 10) 7990 | -4/Factory | Entered Upper Caves 8106 | -4/Upper Caves | Encountered a Warlord checkpoint 8247 | -4/Upper Caves | Released all parts (8) 8270 | -4/Upper Caves | Lost 10 parts (2p4n1u3w) 8559 | -4/Upper Caves | Build established: Scavenger-Mutant 8664 | -4/Upper Caves | Lost 3 parts (3u) 8687 | -4/Upper Caves | Discovered new exit (range 13) 8718 | -4/Upper Caves | Identified exit to Upper Caves 8735 | -4/Upper Caves | Attracted the attention of an 0b10 checkpoint 8756 | -4/Upper Caves | Entered another Upper Caves area 8777 | -4/Upper Caves | Destroyed 8 combat bots 8781 | -4/Upper Caves | Discovered new exit (range 12) 8793 | -4/Upper Caves | Identified exit to Research 8907 | -4/Upper Caves | Entered Research 8907 | -3/Research | Evolved 2 slots: Utility x2 9030 | -3/Research | Core integrity fell below 50% 9060 | -3/Research | Lost 17 parts (2p4n4u7w) 9455 | -3/Research | Found Prototype Launcher 9537 | -3/Research | Build established: Scavenger-Skirmisher 9643 | -3/Research | Released all parts (12) 9647 | -3/Research | Core integrity fell below 20% 9673 | -3/Research | Lost 4 parts (1n1u2w) 9682 | -3/Research | Found Fusion Bomb Launcher 9688 | -3/Research | Destroyed by P-80 Master with Gamma Rifle Last Messages --------------- 09642_ Adv. Heat Sink destroyed. 09643_ System corrupted: Component data lost. 09643_ Released Adv. Medium Treads. 09643_ Released Adv. Force Field. 09643_ Released Terrain Scanner. 09643_ Released Wheel. 09643_ Released Plasma Rifle. 09643_ Released Imp. Signal Interpreter. 09643_ Released Adv. Signal Interpreter. 09643_ Released Adv. Heat Sink. 09643_ Released Centrium Heavy Treads. 09643_ Released Imp. Actuator Array. 09643_ Released Adv. Medium Treads. 09657_ ALERT: Rogue bot located, Programmers report to Research Zone 3A. 09662_ Connecting with Terminal... 09671_ System corrupted: Matter fused (-8). 09673_ Door malfunctions. 09676_ ALERT: Suspicious intruders detected, dispatching Cutter reinforcements to area. 09682_ Acquired Fusion Bomb Launcher. Map ----- +----------------------------------------------------+ | ??????????????????????????????? | | ??????????????????????????????? | | ??????????????????????????????? | | ??????????????????????????????? | | ??????????????????????????????? | | ??????????????????????????????? | | ??????????????????????????????? | | ??????????????????????????????? | | ??????????????????????????????? | | ??????????????????????????????? | | ??????????????????????????????? | | ??????????????????????????????? | | ??????????????????????????????? | | ??????????????????????????????? | | ??????????????????????????????? | | ??????????????????????????????? | | ??????????????????????????????? | | ??????????????????????????????? | | ??????????????????????????????? | | ??????????????????????????????? | | ??????????????????????????????? | | ??????????????????????????????? | | ??????????????????????????????? | | ??????????????????#######+##??? | | ??????????????????# #??? | | ??????????????????# ! @ #??? | | ??????????????????# #??? | | ??????????????????# #??? | | ???????????????H??# #??? | | ??????????????????+ #??? | | ??????????????????# #??? | | ??????????????????# #??? | | ??????????????????# #??? | | ??????????????????###p########? | | ??????? ########## p# # | | ??????? "T # # | | ???????? ""p+ # | | ??????? ##+####### # # | | ??????????????????## ##! # | | ???????????????????# #?? # | | ???????????????????# #?? # | | ???????????????????# #??? # | | ???????????????????# #??? # | | ???????????????????# #???? # | | ???????????????????# #???? # | | ???????????????????# #?????### | | ?????????????????# #?######? | | ?????????????????# #? #? | | ?????????????????# # #? | | ?????????????????# # #? | +----------------------------------------------------+ Best States ------------- Heat Dissipation 84 Energy Generation 37 Energy Capacity 525 Matter Stores 300 Matter Capacity 300 Sight Range 16 Terrain Scan Range 14 Terrain Scan Density 10 Jamming Range 14 Base Temperature (-) 200 Armor Coverage 675 Evasion (%) 55 Melee Accuracy 6 Target Analysis 5 Recoil Reduction 4 Particle Charging 30 Kinecelleration 30 Item Schematics ----------------- Imp. Medium Armor Plating | -7/Storage | Hacked Robot Schematics ------------------ None Fabricated ------------ Nothing Alien Tech Used ----------------- None Achievements -------------- None Challenges ------------ None Game ------ Seed MyomerOpticalCoupler Manual? 0 Play Time 01:12:20 Cumulative 252.2 hours Start 2022.05.24 @ 13:03:31 End 2022.05.24 @ 14:54:22 Sessions 1 Manual Loads 0 Difficulty Rogue Special Mode None Game No. 339 Rogue 339 Adventurer 0 Explorer 0 Win Type - Total 5 Types 4/0/0/1/0/0/0/0/0 Lore% 66 Gallery% 78 Achievement% 57 Wizard Run 0 Options --------- ASCII 0 Keyboard 1 Movement Vi Keybinds 0 Fullscreen 1 Font 18/SmallcapsGlow Map View 76x50 Tactical HUD 1 Map Filters NONE Filters NONE Steam 1 RUN: 73c2575d-4f53-4861-a1de-524d7b2d834c